 Dungeon Crawl Stone Soup version 0.24-a0-520-g8fd06ad (webtiles) character file.

Game seed: 891889461453211324

119074 Spazmo the Scorcher (level 16, -1/92 HPs)
             Began as a Deep Elf Fire Elementalist on July 26, 2019.
             Was the Champion of Vehumet.
             Slain by Jorgrun
             ... wielding a +0 quarterstaff of crushing
              (6 damage)
             ... on level 1 of the Swamp.
             The game lasted 01:58:09 (30145 turns).

Spazmo the Scorcher (Deep Elf Fire Elementalist)   Turns: 30145, Time: 01:58:09

Health: -1/92      AC: 14    Str:  8    XL:     16   Next: 27%
Magic:  19/37      EV: 17    Int: 28    God:    Vehumet [******]
Gold:   552        SH:  5    Dex: 15    Spells: 14/45 levels left

rFire    . . .     SeeInvis +   t - +2 long sword (elec)
rCold    . . .     Gourm    .   A - +0 buckler
rNeg     . . .     Faith    .   S - +2 robe {MR+}
rPois    .         Spirit   .   l - +2 hat {MR+}
rElec    .         Reflect  .   q - +2 cloak {MR+}
rCorr    .         Harm     .   I - +0 pair of gloves {Str+3}
MR       ++++.                  s - +0 pair of boots
Stlth    ++........             a - amulet of regeneration
HPRegen  0.65/turn              j - +3 ring of protection
MPRegen  0.25/turn              y - ring of see invisible

@: grasped by roots, constricted, studying Fire Magic
A: no striking features
a: Renounce Religion


You were on level 1 of the Swamp.
You worshipped Vehumet.
Vehumet was exalted by your worship.
You were not hungry.

You visited 5 branches of the dungeon, and saw 26 of its levels.
You also visited: Gauntlet.

You collected 2447 gold pieces.
You spent 1895 gold pieces at shops.

Inventory:

Hand Weapons
 t - a +2 long sword of electrocution (weapon)
 Q - the +6 shortbow of Excruciating Pain {velocity, rElec rF- Str+5 Dex+3}
   (You found it in a Gauntlet)

   Any arrow fired from it inflicts extra damage.
   It affects your strength (+5).
   It affects your dexterity (+3).
   It makes you vulnerable to fire.
   It insulates you from electricity.
Missiles
 e - 610 stones (quivered)
Armour
 l - a +2 hat of magic resistance (worn)
 p - a +2 robe of resistance
 q - a +2 cloak of magic resistance (worn)
 s - a +0 pair of boots (worn)
 A - a +0 buckler (worn)
 I - a +0 pair of gloves of strength (worn)
 S - a +2 robe of magic resistance (worn)
Magical Staves
 r - an uncursed staff of conjuration
 x - an uncursed staff of wizardry
Jewellery
 a - an amulet of regeneration (around neck)
 j - a +3 ring of protection (left hand)
 k - a +3 amulet of reflection
 y - a ring of see invisible (right hand)
 G - an uncursed ring of protection from magic
 L - an uncursed ring of wizardry
 N - an uncursed ring of protection from cold
 T - the ring "Xas Pat" {rF+ Stlth+}
   (You found it in a Gauntlet)

   [ring of stealth]

   It protects you from fire.
   It makes you more stealthy.
 U - an uncursed ring of resist corrosion
Wands
 i - a wand of disintegration (34)
 w - a wand of iceblast (27)
 z - a wand of clouds (13)
 K - a wand of scattershot (6)
 M - a wand of acid (13)
 P - a wand of digging (4)
Scrolls
 d - 10 scrolls of amnesia
 f - 5 scrolls of enchant armour
 g - 8 scrolls of identify
 h - 13 scrolls of teleportation
 o - 4 scrolls of blinking
 u - 2 scrolls of magic mapping
 v - 2 scrolls of fear
 B - 3 scrolls of remove curse
Potions
 b - 2 potions of invisibility
 m - 3 potions of agility
 n - 4 potions of mutation
 D - 2 potions of cancellation
 F - 2 potions of haste
 H - 9 potions of curing
 J - 3 potions of flight
 O - 2 potions of heal wounds
 V - 2 potions of resistance
Books
 W - a manual of Fire Magic
Comestibles
 c - 34 rations


   Skills:
 - Level 7.0 Fighting
 - Level 12.0 Dodging
 - Level 2.4 Stealth
 - Level 4.0 Shields
 - Level 15.0 Spellcasting
 + Level 15.9 Conjurations
 - Level 4.1 Translocations
 + Level 17.8 Fire Magic
 - Level 10.0 Earth Magic


You had 14 spell levels left.
You knew the following spells:

 Your Spells              Type           Power        Failure   Level  Hunger
a - Flame Tongue          Conj/Fire      #####        0%          1    None
b - Throw Flame           Conj/Fire      ######       0%          2    None
c - Conjure Flame         Conj/Fire      #######.     0%          3    None
d - Sticky Flame          Conj/Fire      #######.     0%          4    None
e - Fireball              Conj/Fire      #######...   1%          5    None
f - Stone Arrow           Conj/Erth      ######       1%          3    None
g - Bolt of Magma         Conj/Fire/Erth #######...   1%          5    None
h - Bolt of Fire          Conj/Fire      #######...   1%          6    ####...
i - Blink                 Tloc           N/A          1%          2    None

Your spell library contained the following spells:

 Spells                   Type           Power        Failure   Level  Hunger
 Orb of Destruction       Conj           #######...   1%          7    #####..
 Magic Dart               Conj           ####         0%          1    None
 Apportation              Tloc           #####.       1%          1    None
 Sandblast                Erth           ######       1%          1    None
 Shock                    Conj/Air       ####         1%          1    None
 Passwall                 Tmut/Erth      #####...     1%          2    None
 Shroud of Golubria       Chrm/Tloc      ####..       1%          2    None
 Dazzling Spray           Conj/Hex       ######       1%          3    None
 Inner Flame              Hex/Fire       ######..     1%          3    None
 Mephitic Cloud           Conj/Pois/Air  ######..     1%          3    None
 Static Discharge         Conj/Air       ######..     1%          3    None
 Lee's Rapid Deconstruct  Erth           ######....   1%          5    None
 Lightning Bolt           Conj/Air       ######....   1%          5    None
 Animate Skeleton         Necr           N/A          2%          1    None
 Confusing Touch          Hex            ###...       2%          1    None
 Corona                   Hex            ###....      2%          1    None
 Infusion                 Chrm           ###.         2%          1    None
 Pain                     Necr           ###.         2%          1    None
 Summon Small Mammal      Summ           ###.         2%          1    None
 Call Imp                 Summ           ###.....     3%          2    None
 Ensorcelled Hibernation  Hex/Ice        ###...       3%          2    None
 Slow                     Hex            ###.....     3%          2    None
 Song of Slaying          Chrm           ###.....     3%          2    None
 Swiftness                Chrm/Air       ###.....     3%          2    None
 Petrify                  Tmut/Erth      #####...     3%          4    None
 Confuse                  Hex            ###.....     7%          3    None
 Regeneration             Chrm/Necr      ###.......   7%          3    None
 Spectral Weapon          Hex/Chrm       ###.....     7%          3    None
 Tukima's Dance           Hex            ###.....     7%          3    None
 Vampiric Draining        Necr           ###.......   7%          3    None
 Airstrike                Air            ###.......   7%          4    None
 Animate Dead             Necr           N/A          24%         4    None


Dungeon Overview and Level Annotations

Branches:
Dungeon (15/15)            Temple (1/1) D:5            Lair (6/6) D:10
  Swamp (2/4) Lair:2        Snake (0/4) Lair:2        Slime (0/5) Lair:5
    Orc (2/2) D:12            Elf (0/3) Orc:2        Vaults (0/5) D:13
 Depths (0/5) D:15

Altars:
Dithmenos
Makhleb
Ru
Sif Muna
Uskayaw
Vehumet
Yredelemnul
Jiyva

Shops:
D:12 (   D:13 !   Orc:1 *(!=   Orc:2 :%}}

Portals:
Trove: D:14 (show abyssal rune of Zot)

Annotations:
D:7 1 runed translucent door, porkupine's ghost, novice GnWn
D:8 2 transporters, MatthieuS's ghost, novice OgBe
Lair:6 2 runed translucent doors
Swamp:1 Jorgrun


Message History

Jorgrun points at you and mumbles some strange words.
Roots burst forth from the earth!
The grasping roots grab you!
* * * LOW HITPOINT WARNING * * *
The grasping roots constrict you!
You escape the roots' grasp.
Jorgrun burns!
Jorgrun drinks a potion.
Jorgrun seems to grow stronger.
Magic courses through your body.
Jorgrun points at you and mumbles some strange words.
Roots burst forth from the earth!
The grasping roots grab you!
* * * LOW HITPOINT WARNING * * *
The grasping roots constrict you!
Casting: Sticky Flame (safe; 0% risk of failure)
Confirm with . or Enter, or press ? or * to list all spells.
Aiming: Bolt of Magma (safe; 1% risk of failure)
Press: ? - help, Shift-Dir - straight line, f/p - Jorgrun
Aim: Jorgrun, wielding a +0 quarterstaff of crushing and wearing a +2 robe of resistance (severely wounded, unusually strong, covered in liquid flames)
The bolt of magma misses Jorgrun.
Jorgrun burns!
You die...

♣♣♣♣♣..≈♣..≈...≈...≈..♣
♣......♣.≈..≈≈≈≈≈≈≈
♣♣...≈.≈≈≈♣.≈≈≈≈≈≈≈
♣......♣♣...≈...≈≈
♣♣♣♣♣♣...≈...♣♣≈.....≈≈
♣≈.≈♣...≈≈≈≈.♣♣♣♣♣♣♣≈.≈
♣♣.≈≈≈≈..≈≈≈≈♣ ♣≈..≈
♣..≈≈≈≈..≈≈..♣ ♣♣..≈
♣≈≈≈≈≈@≈♣♣♣♣♣♣ ♣≈.≈
♣≈≈≈≈.g♣♣ ♣..≈ ♣≈≈≈..♣♣
♣♣♣ ♣... ♣≈≈≈§.♣
♣≈♣♣♣♣≈. ♣.≈≈§.♣
♣♣≈♣♣♣♣. ♣.≈§≈..
♣≈≈≈.♣≈. ♣♣...§.
♣≈≈≈≈..≈ ....≈.
♣♣.≈≈..≈ ≈......§
♣.≈≈≈≈≈


You could see Jorgrun (burning).

Vanquished Creatures
  Rupert (Orc:2)
  Gastronok (D:8)
  A fire giant (D:15)
  An orc warlord (Orc:1)
  Louise (D:14)
  Nessos (D:14)
  A minotaur (Gauntlet)
  An ogre mage (D:13)
  2 fire dragons (D:15)
  Harold (D:8)
  18 hydras
  A shambling mangrove (Swamp:2)
  A death knight (D:15)
  5 centaur warriors
  A tengu warrior (Gauntlet)
  5 two-headed ogres
  An orc high priest (Orc:2)
  Nergalle (Orc:1)
  Sonja (Lair:1)
  A sixfirhy (Gauntlet)
  A skeletal warrior (D:15)
  2 unseen horrors
  2 wizards
  2 swamp dragons
  A lindwurm (Lair:6)
  2 phantasmal warriors (D:15)
  3 deep elf magi
  15 ugly things
  An orb spider (shapeshifter) (D:13)
  5 orc sorcerers
  An oklob plant (D:11)
  2 cyclopes
  16 elephants
  8 black mambas
  3 molten gargoyles (Lair:6)
  A gargoyle (D:15)
  A torpor snail (Gauntlet)
  9 spiny frogs
  4 centaur skeletons
  3 kobold demonologists
  6 rime drakes
  A freezing wraith (D:15)
  5 komodo dragons
  A tengu conjurer (Gauntlet)
  A polar bear (Lair:3)
  3 trolls
  A meliai (shapeshifter) (D:13)
  A troll (shapeshifter) (D:15)
  4 hornets
  A tyrant leech (Swamp:1)
  Prince Ribbit (D:6)
  A slime creature (shapeshifter) (D:13)
  A bog body (Swamp:2)
  2 meliai zombies
  4 dream sheep (Lair:5)
  10 blink frogs
  7 slime creatures
  6 hippogriffs
  Sigmund (D:3)
  4 shadows
  2 wraiths
  6 wyverns
  47 yaks
  3 hogs (D:9)
  A human (D:9)
  5 basilisks
  3 steam dragons
  A hungry ghost (D:12)
  10 vampire mosquitoes
  Eustachio (D:5)
  2 swamp worms (Swamp:1)
  Edmund (D:6)
  4 wargs
  A harpy simulacrum (D:15)
  A naga (Lair:2)
  A naga (shapeshifter) (D:13)
  12 water moccasins
  11 porcupines
  A floating eye (shapeshifter) (D:15)
  4 hell hounds (Lair:6)
  2 swamp drakes (Swamp:2)
  4 sky beasts
  29 orc warriors
  8 ice beasts
  5 black bears
  An eye of draining (shapeshifter) (D:15)
  4 phantoms
  4 eyes of draining
  2 necrophages
  9 wolves (Lair:1)
  13 ogres
  23 centaurs
  9 crocodiles
  20 big kobolds
  Blork the orc (D:6)
  18 bullfrogs
  A gnoll sergeant (Orc:1)
  2 wyvern zombies
  7 scorpions
  4 killer bees (D:12)
  An electric eel (Lair:4)
  6 howler monkeys
  5 lava snakes (Lair:6)
  A centaur zombie (D:12)
  A bullfrog zombie (D:12)
  7 crimson imps
  3 jellies
  10 hounds
  2 quasits (D:11)
  28 orc priests
  Crazy Yiuf (D:2)
  47 orc wizards
  5 bullfrog skeletons
  4 iguanas
  Ijyb (D:3)
  5 hell rats (Lair:4)
  10 worker ants
  A killer bee zombie (D:6)
  A hound zombie (D:9)
  2 howler monkey zombies (D:5)
  A howler monkey skeleton (D:9)
  13 adders
  19 gnolls
  3 shadow imps
  3 ufetubi (Gauntlet)
  An adder zombie (D:8)
  3 adder skeletons
  2 worms (D:2)
  A dart slug (D:1)
  5 leopard geckos
  125 orcs
  7 giant cockroaches
  7 goblins
  4 hobgoblins
  9 jackals
  A quokka (D:8)
  13 ball pythons
  7 bats
  A frilled lizard (D:5)
  A jackal zombie (D:8)
  41 kobolds
  A quokka skeleton (D:7)
  6 rats
  2 plants
889 creatures vanquished.

Vanquished Creatures (others)
  5 fungi
  9 plants
  2 withered plants (D:7)
16 creatures vanquished.

Grand Total: 905 creatures vanquished

Notes
Turn   | Place    | Note
-------+----------+-------------------------------------------
     0 | D:1      | Spazmo the Deep Elf Fire Elementalist began the quest for
                  | the Orb.
     0 | D:1      | Reached XP level 1. HP: 10/10 MP: 6/6
   347 | D:1      | Reached XP level 2. HP: 8/15 MP: 0/8
   351 | D:1      | Learned a level 2 spell: Throw Flame
  1178 | D:2      | Reached XP level 3. HP: 19/19 MP: 3/10
  1183 | D:2      | Learned a level 3 spell: Conjure Flame
  1536 | D:2      | Reached skill level 4 in Fire Magic
  1703 | D:2      | Found a runed translucent door.
  1704 | D:2      | Noticed Crazy Yiuf
  1711 | D:2      | Killed Crazy Yiuf
  1711 | D:2      | Reached XP level 4. HP: 24/24 MP: 6/12
  2069 | D:3      | Noticed Sigmund
  2078 | D:3      | Killed Sigmund
  2078 | D:3      | Reached skill level 5 in Spellcasting
  2078 | D:3      | Reached XP level 5. HP: 28/28 MP: 6/14
  2080 | D:3      | Reached skill level 5 in Fire Magic
  2086 | D:3      | Learned a level 4 spell: Sticky Flame
  2241 | D:3      | Reached XP level 6. HP: 28/32 MP: 6/16
  2248 | D:3      | Learned a level 5 spell: Fireball
  2279 | D:3      | Found a faded altar of an unknown god.
  2575 | D:3      | Noticed Ijyb
  2605 | D:3      | Killed Ijyb
  3214 | D:4      | Reached XP level 7. HP: 36/36 MP: 12/18
  3303 | D:4      | Reached skill level 6 in Fire Magic
  3412 | D:4      | Reached skill level 5 in Conjurations
  4180 | D:5      | Entered Level 5 of the Dungeon
  4217 | D:5      | Reached XP level 8. HP: 41/41 MP: 15/21
  4379 | D:5      | Reached skill level 7 in Fire Magic
  4786 | D:5      | Found a staircase to the Ecumenical Temple.
  4795 | Temple   | Entered the Ecumenical Temple
  4810 | Temple   | Became a worshipper of Vehumet
  4832 | D:5      | Noticed Eustachio
  4839 | D:5      | Killed Eustachio
  5209 | D:6      | Reached skill level 8 in Fire Magic
  5226 | D:6      | Noticed Prince Ribbit
  5239 | D:6      | Killed Prince Ribbit
  5239 | D:6      | Reached XP level 9. HP: 28/45 MP: 9/24
  5516 | D:6      | Found a sacrificial altar of Ru.
  5602 | D:6      | Noticed Edmund
  5609 | D:6      | Reached * piety under Vehumet
  5609 | D:6      | Offered knowledge of Magic Dart by Vehumet.
  5633 | D:6      | Killed Edmund
  5633 | D:6      | Reached skill level 10 in Spellcasting
  5925 | D:6      | Noticed Blork the orc
  5930 | D:6      | Killed Blork the orc
  6199 | D:7      | Reached skill level 9 in Fire Magic
  6448 | D:7      | Offered knowledge of Throw Frost by Vehumet.
  6450 | D:7      | Reached ** piety under Vehumet
  6841 | D:7      | Found a runed translucent door.
  6842 | D:7      | Noticed porkupine's ghost (novice GnWn)
  7323 | D:8      | Noticed Harold
  7372 | D:8      | Reached XP level 10. HP: 46/50 MP: 27/27
  7463 | D:8      | Found a transporter.
  7533 | D:8      | Offered knowledge of Stone Arrow by Vehumet.
  7535 | D:8      | Noticed Gastronok
  7551 | D:8      | Found a burning altar of Makhleb.
  7556 | D:8      | Killed Harold
  7556 | D:8      | Reached skill level 1 in Shields
  7556 | D:8      | Reached skill level 10 in Fire Magic
  7764 | D:8      | Reached *** piety under Vehumet
  7824 | D:8      | Noticed MatthieuS's ghost (novice OgBe)
  7828 | D:8      | Identified the +2 dire flail of Peril {crush, *Noise
                  | Fragile +Rage Dex+9}
  7832 | D:8      | Found a transporter.
  7877 | D:8      | Killed Gastronok
  7877 | D:8      | Reached skill level 10 in Conjurations
  8244 | D:8      | Learned a level 3 spell: Stone Arrow
  8434 | D:9      | Reached skill level 1 in Earth Magic
  8437 | D:9      | Offered knowledge of Airstrike by Vehumet.
  8756 | D:9      | Reached XP level 11. HP: 54/54 MP: 17/29
  8846 | D:9      | Reached **** piety under Vehumet
  9115 | D:10     | Entered Level 10 of the Dungeon
  9212 | D:10     | Found a staircase to the Lair.
  9249 | D:10     | Reached skill level 5 in Earth Magic
  9293 | D:10     | Offered knowledge of Bolt of Magma by Vehumet.
  9300 | D:10     | Learned a level 5 spell: Bolt of Magma
  9435 | D:10     | Noticed an unseen horror
  9440 | D:10     | Killed an unseen horror
  9613 | D:10     | Noticed a six-headed hydra
  9620 | D:10     | Killed a six-headed hydra
  9879 | Lair:1   | Entered Level 1 of the Lair of Beasts
  9879 | Lair:1   | Noticed Sonja
  9939 | Lair:1   | Noticed a seven-headed hydra
  9945 | Lair:1   | Killed a seven-headed hydra
 10286 | Lair:1   | Killed Sonja
 10286 | Lair:1   | Reached skill level 1 in Fighting
 10399 | Lair:1   | Reached skill level 5 in Fighting
 10399 | Lair:1   | Reached XP level 12. HP: 68/68 MP: 30/30
 11196 | Lair:2   | Noticed a four-headed hydra
 11200 | Lair:2   | Killed a four-headed hydra
 11371 | Lair:2   | Noticed an eight-headed hydra
 11400 | Lair:2   | Killed an eight-headed hydra
 11415 | Lair:2   | Found a staircase to the Snake Pit.
 11418 | Lair:2   | Reached XP level 13. HP: 74/74 MP: 20/31
 11776 | Lair:2   | Found a staircase to the Swamp.
 12273 | Lair:3   | Reached skill level 10 in Dodging
 12407 | Lair:3   | Reached ***** piety under Vehumet
 13243 | Lair:4   | Offered knowledge of Throw Icicle by Vehumet.
 14787 | Lair:5   | Reached skill level 11 in Fire Magic
 14970 | Lair:5   | Reached skill level 10 in Earth Magic
 15471 | Lair:5   | Found a viscous altar of Jiyva.
 15471 | Lair:5   | Found a staircase to the Slime Pits.
 16003 | Lair:6   | Entered Level 6 of the Lair of Beasts
 16309 | Lair:6   | Reached XP level 14. HP: 82/82 MP: 23/33
 16620 | Lair:6   | Offered knowledge of Iskenderun's Battlesphere by Vehumet.
 17072 | Lair:6   | Reached skill level 12 in Fire Magic
 17212 | Lair:6   | Found a large runed translucent door.
 17212 | Lair:6   | Found a large runed translucent door.
 18532 | D:11     | Found a basalt altar of Yredelemnul.
 20070 | D:12     | Offered knowledge of Bolt of Draining by Vehumet.
 20321 | D:12     | Found a staircase to the Orcish Mines.
 20821 | D:12     | Reached skill level 13 in Fire Magic
 21064 | D:12     | Found Migikhetz's Weapon Emporium.
 21332 | Orc:1    | Entered Level 1 of the Orcish Mines
 21520 | Orc:1    | Noticed an orc warlord
 21521 | Orc:1    | Reached skill level 15 in Spellcasting
 21530 | Orc:1    | Killed an orc warlord
 21746 | Orc:1    | Offered knowledge of Bolt of Fire by Vehumet.
 21762 | Orc:1    | Learned a level 6 spell: Bolt of Fire
 21883 | Orc:1    | Found Bim Werir's Distillery.
 21891 | Orc:1    | Bought a potion of heal wounds for 70 gold pieces
 21929 | Orc:1    | Found Baruash's Weapon Shoppe.
 21943 | Orc:1    | Found Umueff's Assorted Antiques.
 22017 | Orc:1    | Noticed Nergalle
 22019 | Orc:1    | Killed Nergalle
 22277 | Orc:1    | Found Pidaadar's Jewellery Shoppe.
 22524 | Orc:2    | Entered Level 2 of the Orcish Mines
 22524 | Orc:2    | Noticed Rupert
 22527 | Orc:2    | Killed Rupert
 22530 | Orc:2    | Reached XP level 15. HP: 86/86 MP: 12/36
 22621 | Orc:2    | Found a staircase to the Elven Halls.
 22685 | Orc:2    | Found a gate leading to a gauntlet.
 22692 | Gauntlet | Entered a Gauntlet
 22692 | Gauntlet | Found a transporter.
 22692 | Gauntlet | Found a transporter.
 22692 | Gauntlet | Found a transporter.
 22715 | Gauntlet | Found a transporter.
 22727 | Gauntlet | Found a transporter.
 22730 | Gauntlet | Found a transporter.
 22740 | Gauntlet | Found a transporter.
 22755 | Gauntlet | Found a runed translucent door.
 22757 | Gauntlet | Found a transporter.
 22759 | Gauntlet | Found a runed translucent door.
 22762 | Gauntlet | Found a transporter.
 22765 | Gauntlet | Found a transporter.
 22773 | Gauntlet | Found a transporter.
 22776 | Gauntlet | Found a transporter.
 22988 | Gauntlet | Got a steaming shortbow
 22989 | Gauntlet | Identified the +6 shortbow of Excruciating Pain {velocity,
                  | rElec rF- Str+5 Dex+3} (You found it in a Gauntlet)
 23172 | Gauntlet | Got a brightly glowing lead ring
 23173 | Gauntlet | Identified the ring "Xas Pat" {rF+ Stlth+} (You found it in
                  | a Gauntlet)
 24051 | Orc:2    | Reached skill level 14 in Fire Magic
 24420 | Orc:2    | Found Tybrilu's Food Shoppe.
 24420 | Orc:2    | Found Firom's Gadget Emporium.
 24421 | Orc:2    | Found Wuqatz's Gadget Emporium.
 24424 | Orc:2    | Found Eschuv's Book Shoppe.
 24646 | Orc:2    | Bought a manual of Fire Magic for 1545 gold pieces
 24646 | Orc:2    | Bought a book of Minor Magic for 280 gold pieces
 24843 | Orc:2    | Learned a level 2 spell: Blink
 24949 | D:13     | Reached skill level 1 in Translocations
 25062 | D:13     | Found Plog's Distillery.
 25111 | D:13     | Offered knowledge of Freezing Cloud by Vehumet.
 25530 | D:13     | Found a gate to the Vaults.
 26284 | D:14     | Reached skill level 15 in Fire Magic
 26460 | D:14     | Found a shadowy altar of Dithmenos.
 26524 | D:14     | Noticed Nessos
 26527 | D:14     | Killed Nessos
 26946 | D:14     | Noticed Louise
 27000 | D:14     | Killed Louise
 27204 | D:14     | Found a portal to a secret trove of treasure.
 27413 | D:15     | Entered Level 15 of the Dungeon
 27552 | D:15     | Found a staircase to the Depths.
 27552 | D:15     | Noticed a fire giant
 27558 | D:15     | Killed a fire giant
 27558 | D:15     | Reached skill level 16 in Fire Magic
 27929 | D:15     | Reached skill level 15 in Conjurations
 27936 | D:15     | Reached ****** piety under Vehumet
 28037 | D:15     | Offered knowledge of Orb of Destruction by Vehumet.
 28265 | D:15     | Reached XP level 16. HP: 92/92 MP: 28/37
 28415 | D:15     | Reached skill level 17 in Fire Magic
 28910 | Swamp:1  | Entered Level 1 of the Swamp
 29341 | Swamp:1  | You fall into a shaft and drop 1 floor!
 30129 | Swamp:1  | Noticed Jorgrun
 30145 | Swamp:1  | Slain by Jorgrun

Levels and vault maps discovered:
D:1:      eino_arrival_tree_alley, layout_basic
D:2:      layout_loops_ring, uniq_crazy_yiuf_cottage
D:3:      layout_basic, chequers_ecumenical_altar_simple_redux, uniq_ijyb,
          uniq_sigmund
D:4:      layout_basic, first_ration, minmay_snake_closets
D:5:      layout_loops_ring, minmay_temple_entry_nine_rooms, uniq_eustachio
D:6:      layout_loops_ring, nicolae_ru_awakened_eye, uniq_blork_the_orc,
          uniq_edmund, uniq_prince_ribbit1
D:7:      layout_loops_cross, serial_glass, glass_columns_a, glass_columns_a,
          glass_columns_b, glass_columns_a, glass_columns_a, glass_columns_b,
          glass_columns_a, glass_columns_a, glass_columns_c, glass_columns_c,
          gammafunk_ghost_grave
D:8:      layout_cave_pools, gammafunk_ghost_smash, basic_altar, uniq_gastronok,
          uniq_harold
D:9:      layout_roguey, grunt_livestock
D:10:     layout_cross, david_lair_shrubbed
D:11:     layout_roguey [special_room_kobold], lemuel_oklob_altar
D:12:     layout_cave_pods, hiddenorc2_lemuel, serial_shops,
          nicolae_shop_waterfront
D:13:     minmay_slanted_spiral_squares, layout_gridville, david_vaults_2,
          serial_shops, shop, kennysheep_generic_room_15
D:14:     layout_long_grid, nicolae_trove_entry_columns, lemuel_centaur_altar,
          uniq_louise, uniq_nessos
D:15:     grunt_enter_depths_giant_problem, layout_gridville
Temple:   roderic_octagonal_lattice_temple
Lair:1:   layout_cave_pods, uniq_sonja
Lair:2:   layout_cave_shapes, swamp_mist, guppyfry_snake_entry_island
Lair:3:   layout_gridlike
Lair:4:   layout_hall_layers, st_stairs_4, infiniplex_staircase_pool,
          serial_bayou_shore_b
Lair:5:   layout_cave_pods, dpeg_slime_entry_enclosed_altar,
          minmay_lair_drake_nest, lemuel_fruit_tree, lemuel_fruit_fields
Lair:6:   cheibrodos_lair_end_hotspot, layout_loops_ring, lemuel_old_faithful
Swamp:1:  layout_basic_swamp, serial_swamp_ruin, evilmike_swamp_ruin_rubble_1,
          hangedman_swamp_ruin_wall, evilmike_swamp_ruin_house_1, uniq_jorgrun
Swamp:2:  layout_basic_swamp, lemuel_altar_in_water, swamp_pool1,
          nicolae_swamp_orc_logging_accident, infiniplex_staircase_pool_2,
          uniq_aizul
Orc:1:    layout_diamond_mine, serial_shops, shop_statue, shop, shop,
          nicolae_shop_behind_doors, uniq_nergalle
Orc:2:    st_orc_mages, layout_diamond_mine, gauntlet_entry_generic,
          library_closet, uniq_rupert

Skill      XL: |  1  2  3  4  5  6  7  8  9 10 11 12 13 14 15 16 |
---------------+-------------------------------------------------+-----
Conjurations   | 2 3 4 5 7 9 10 11 13 15 | 15.9
Fire Magic     | 4 5 6 8 9 10 11 13 16 17 | 17.8
Spellcasting   | 4 5 6 7 9 11 12 13 15 | 15.0
Shields        | 4 |  4.0
Earth Magic    | 3 9 10 | 10.0
Fighting       | 5 6 7 |  7.0
Dodging        | 7 9 12 | 12.0
Translocations | 4 |  4.1
Stealth        | |  2.4

Action                   |  1- 3 |  4- 6 |  7- 9 | 10-12 | 13-15 | 16-18 || total
-------------------------+-------+-------+-------+-------+-------+-------++-------
Melee: Short sword       |    11 |       |       |       |       |       ||    11
       Quarterstaff      |       |    10 |    27 |       |       |       ||    37
       Long sword        |       |       |     8 |    43 |    14 |     4 ||    69
       Staff             |       |       |       |       |    18 |       ||    18
Throw: Stone             |       |     1 |     1 |     1 |     2 |       ||     5
 Cast: Flame Tongue      |    59 |    65 |   261 |   127 |   432 |     8 ||   952
       Throw Flame       |     1 |     5 |    36 |    30 |    88 |     3 ||   163
       Sticky Flame      |       |     2 |    28 |    36 |    91 |     4 ||   161
       Fireball          |       |       |       |    10 |    58 |     4 ||    72
       Bolt of Magma     |       |       |       |    27 |   201 |    40 ||   268
       Stone Arrow       |       |       |       |     5 |   145 |       ||   150
       Bolt of Fire      |       |       |       |       |    66 |    21 ||    87
       Conjure Flame     |       |       |       |       |     1 |       ||     1
       Blink             |       |       |       |       |     2 |       ||     2
  Use: Scroll            |     6 |     4 |     7 |     9 |    14 |     2 ||    42
       Potion            |       |       |       |     8 |       |     1 ||     9
  Eat: Chunk             |     2 |     2 |    37 |     6 |    42 |     2 ||    91
       Ration            |       |     1 |       |     1 |     7 |     2 ||    11
Armor: Robe              |     9 |    11 |    40 |    28 |    69 |     6 ||   163
Dodge: Dodged            |    22 |    14 |    83 |    80 |   219 |    10 ||   428
Block: Buckler           |       |       |       |    18 |    73 |     2 ||    93
       Rpst.: Long sword |       |       |       |    25 |     5 |       ||    30

Table legend:
 A = Non-vault XP
 B = Vault XP
 C = Vault XP percentage of total XP
 D = Non-vault monster count
 E = Vault monster count
 F = Vault count percentage of total count
                 A         B        C        D         E       F
            +---------+---------+-------+---------+---------+-------
      Total |  114009 |   41416 |  26.6 |     694 |     193 |  21.8
            +---------+---------+-------+---------+---------+-------
        D:1 |      36 |       0 |   0.0 |      21 |       0 |   0.0
        D:2 |      41 |      40 |  49.4 |      11 |       1 |   8.3
        D:3 |     154 |     259 |  62.7 |      25 |       2 |   7.4
        D:4 |     835 |      54 |   6.1 |      31 |      12 |  27.9
        D:5 |     835 |     176 |  17.4 |      15 |       1 |   6.2
        D:6 |     886 |     541 |  37.9 |      27 |       3 |  10.0
        D:7 |    1178 |       0 |   0.0 |      31 |       0 |   0.0
        D:8 |    1230 |    3185 |  72.1 |      35 |       2 |   5.4
        D:9 |    1644 |     976 |  37.3 |      29 |       5 |  14.7
       D:10 |    2761 |     343 |  11.1 |      20 |       1 |   4.8
       D:11 |    7042 |    2283 |  24.5 |      57 |      27 |  32.1
       D:12 |    7108 |     305 |   4.1 |      38 |      32 |  45.7
       D:13 |    8985 |    3653 |  28.9 |      39 |      11 |  22.0
       D:14 |    8039 |    3408 |  29.8 |      30 |       6 |  16.7
       D:15 |   18860 |    1882 |   9.1 |      43 |       1 |   2.3
     Lair:1 |    4907 |     802 |  14.0 |      23 |       1 |   4.2
     Lair:2 |    3070 |     160 |   5.0 |       6 |       1 |  14.3
     Lair:3 |    3686 |       0 |   0.0 |      14 |       0 |   0.0
     Lair:4 |    5350 |     282 |   5.0 |      23 |       2 |   8.0
     Lair:5 |   12720 |    1892 |  12.9 |      42 |       5 |  10.6
     Lair:6 |    6680 |    7692 |  53.5 |      25 |      27 |  51.9
    Swamp:1 |    6316 |       0 |   0.0 |      16 |       0 |   0.0
    Swamp:2 |    4160 |       0 |   0.0 |      10 |       0 |   0.0
      Orc:1 |    4956 |     828 |  14.3 |      53 |       1 |   1.9
      Orc:2 |    2530 |    8015 |  76.0 |      30 |      43 |  58.9
   Gauntlet |       0 |    4640 | 100.0 |       0 |       9 | 100.0
            +---------+---------+-------+---------+---------+-------
